[Event "Team 45 45 League T66"]
[Site "Internet Chess Club"]
[Date "2015.09.03"]
[Round "1"]
[White "CrimsonZug"]
[Black "Goli"]
[Result "1/2-1/2"]
[WhiteElo "1825"]
[BlackElo "1688"]
[Opening "King's Indian: Averbakh system"]
[ECO "E73"]
[Time "17:00:26"]
[TimeControl "2700+45"]

1. c4 Nf6 2. d4 g6 3. Nc3 Bg7 4. e4 d6 5. Be2 O-O 6. Bg5 h6 7. Be3 c6 8. Qd2 Kh7
9. f3 Nbd7 10. g4 e5 11. d5 cxd5 12. cxd5 a6 13. h4 h5 14. Nh3 b5 15. g5 Ng8 16.
a3 Nb6 17. b3 Bxh3 18. Rxh3 Qc8 19. Rh1 Nd7 20. Rc1 Qb7 21. b4 Rac8 22. Kf2 Nb6
23. Rc2 Nc4 24. Bxc4 Rxc4 25. Rhc1 {Game drawn by mutual agreement} 1/2-1/2

[Event "Team 45 45 League T66"]
[Site "Internet Chess Club"]
[Date "2015.09.13"]
[Round "1"]
[White "zap2"]
[Black "gyu123987kool"]
[Result "1-0"]
[WhiteElo "1785"]
[BlackElo "1713"]
[Opening "Benko's opening"]
[ECO "A00"]
[Time "12:00:54"]
[TimeControl "2700+45"]

1. g3 Nf6 2. Bg2 d5 3. Nf3 g6 4. O-O Bg7 5. d3 O-O 6. Nbd2 Bf5 7. Nh4 Bg4 8. h3
Bd7 9. e4 e6 10. e5 Ne8 11. Re1 c5 12. c3 Nc6 13. f4 g5 14. Nhf3 gxf4 15. gxf4
f6 16. Nf1 Qc7 17. d4 cxd4 18. cxd4 fxe5 19. fxe5 Nb4 20. Ne3 Bb5 21. Qb3 a5 22.
Bd2 Bc4 23. Nxc4 dxc4 24. Qd1 Nd3 25. Ng5 Qd7 26. Re4 b5 27. Qh5 Bh8 28. Rg4 Nf2
29. Bxa8 Nxg4 30. Qxg4 Ng7 31. Be4 Qxd4+ 32. Kh1 Rd8 33. Bxh7+ Kf8 34. Rf1+ Ke7
35. Bxa5 Qxg4 36. hxg4 Rd4 37. Rf7+ Ke8 38. Bg6 Rd5 39. Rxg7+ Kf8 40. Nxe6#
{Black checkmated} 1-0

[Event "Team 45 45 League T66"]
[Site "Internet Chess Club"]
[Date "2015.09.07"]
[Round "1"]
[White "RUPIS"]
[Black "Bizzy-Ketty"]
[Result "1-0"]
[WhiteElo "1678"]
[BlackElo "1583"]
[Opening "Sicilian defense"]
[ECO "B33"]
[Time "17:10:42"]
[TimeControl "2700+45"]

1. e4 c5 2. Nf3 Nc6 3. d4 cxd4 4. Nxd4 Nf6 5. Nc3 e6 6. Ndb5 Bb4 7. a3 Bxc3+ 8.
Nxc3 O-O 9. Bd3 d5 10. exd5 Nxd5 11. Nxd5 Qxd5 12. O-O Rd8 13. Be3 b6 14. Be2
Bb7 15. Qxd5 Rxd5 16. Bf3 Rd7 17. Rfd1 Rad8 18. Kf1 Ba6+ 19. Ke1 Nd4 20. Bxd4
Rxd4 21. Rxd4 Rxd4 22. a4 g5 23. a5 b5 24. c3 Rd6 25. Rd1 Rxd1+ 26. Kxd1 Kg7 27.
Kc2 Kf6 28. Kb3 Ke5 29. Kb4 Kd6 30. g3 e5 31. Be2 Kc6 32. Bh5 Bc8 33. Bxf7 a6
34. Bb3 Bf5 35. c4 Bd3 36. cxb5+ Bxb5 37. Bc4 Bxc4 38. Kxc4 h6 39. g4 Kd6 40. f3
Kc6 41. b4 Kd6 42. b5 axb5+ 43. Kxb5 Kc7 44. Kc5 Kb7 45. Kd5 Ka6 46. Kxe5 Kxa5
47. Kf6 Kb6 48. Kg6 Kc5 49. Kxh6 Kd5 50. Kxg5 Ke5 51. f4+ Ke6 52. Kg6 Ke7 53.
Kg7 Ke8 54. h4 Ke7 55. f5 Ke8 56. h5 Ke7 57. h6 Ke8 58. h7 {Black resigns} 1-0

[Event "Team 45 45 League T66"]
[Site "Internet Chess Club"]
[Date "2015.09.02"]
[Round "1"]
[White "karthikkallam"]
[Black "MateIn42"]
[Result "1-0"]
[WhiteElo "1433"]
[BlackElo "1396"]
[Opening "Two knights defense"]
[ECO "C57"]
[Time "19:30:35"]
[TimeControl "2700+45"]

1. e4 e5 2. Nf3 Nc6 3. Bc4 Nf6 4. Ng5 d5 5. exd5 Nxd5 6. Qf3 Qxg5 7. Bxd5 Qf5 8.
Bxc6+ bxc6 9. Qxc6+ Ke7 10. Qxa8 Qxc2 11. Nc3 Be6 12. Nd5+ Kd7 13. Ne3 Qd3 14.
Qf3 Bc5 15. Qe2 Qd4 16. O-O Rb8 17. d3 Bb4 18. a3 Ba5 19. Rd1 Bb3 20. Rf1 Be6
21. Nc2 Qd5 22. b4 {Black resigns} 1-0

[Event "Team 45 45 League T66"]
[Site "Internet Chess Club"]
[Date "2015.09.06"]
[Round "1"]
[White "rubo"]
[Black "RD1974"]
[Result "1-0"]
[WhiteElo "1656"]
[BlackElo "1633"]
[Opening "Queen's Indian defense"]
[ECO "A47"]
[Time "19:00:18"]
[TimeControl "2700+45"]

1. d4 Nf6 2. Nf3 b6 3. Bf4 Bb7 4. e3 d5 5. Bd3 Nbd7 6. h3 e6 7. Nbd2 Bd6 8. Ne5
O-O 9. Qf3 Rc8 10. c3 Qe7 11. O-O c5 12. Rfe1 c4 13. Bxc4 dxc4 14. Qxb7 Nxe5 15.
Qxe7 Nf3+ 16. Nxf3 Bxe7 17. e4 Bd8 18. Bd6 Re8 19. Ne5 b5 20. a4 Be7 21. Bxe7
Rxe7 22. axb5 Rb7 23. Nc6 Rcc7 24. Ra5 Nd7 25. d5 h6 26. dxe6 fxe6 27. Rea1 Nf6
28. f3 Nh5 29. Rxa7 Nf4 30. Rxb7 Rxb7 31. Ra8+ Kh7 32. Rb8 Rd7 33. Rd8 Rb7 34.
Rb8 Rd7 35. Nd4 Nd3 36. Nxe6 Rf7 37. b6 Nxb2 38. Nf8+ Kg8 39. Ng6+ Kh7 40. Ne5
Re7 41. Rh8+ Kxh8 42. Ng6+ Kg8 43. Nxe7+ Kf7 44. b7 {Black resigns} 1-0

[Event "Team 45 45 League T66"]
[Site "Internet Chess Club"]
[Date "2015.09.07"]
[Round "1"]
[White "Bible-Believer"]
[Black "nosir"]
[Result "1-0"]
[WhiteElo "1486"]
[BlackElo "1478"]
[Opening "QGD Slav defense: exchange variation"]
[ECO "D13"]
[Time "20:01:40"]
[TimeControl "2700+45"]

1. d4 d5 2. c4 c6 3. cxd5 cxd5 4. Nc3 Nf6 5. Nf3 Bg4 6. Ne5 Bf5 7. Qb3 b6 8. Bg5
Nfd7 9. Qxd5 Nxe5 10. Qxe5 Bd7 11. Nd5 f6 12. Nc7+ Kf7 13. Qd5+ Kg6 14. Bf4 e5
15. dxe5 Bb4+ 16. Bd2 Bxd2+ 17. Qxd2 Qxc7 18. Rc1 Qxe5 19. e3 Rd8 20. Bd3+ f5
21. O-O Nc6 22. Rc4 Qa5 23. Qe2 Ne5 24. b4 Qa4 25. Bc2 Qa3 26. Rd4 Be6 27. Rfd1
Rxd4 28. exd4 Qxa2 29. Bxf5+ Bxf5 30. Rd2 Qa1+ 31. Rd1 Nf3+ 32. Qxf3 Qa4 33. h3
Qxb4 34. Qxa8 Bc2 35. Rc1 Qd2 36. Qc6+ Kf7 37. Qxc2 Qxd4 38. Qc4+ Qxc4 39. Rxc4
a5 40. Rc7+ Ke6 41. Rb7 {Black resigns} 1-0

[Event "Team 45 45 League T66"]
[Site "Internet Chess Club"]
[Date "2015.09.05"]
[Round "1"]
[White "g8wrb"]
[Black "chesskix"]
[Result "0-1"]
[WhiteElo "1295"]
[BlackElo "1526"]
[Opening "Sicilian: Alapin's variation (2.c3)"]
[ECO "B22"]
[Time "14:00:23"]
[TimeControl "2700+45"]

1. e4 c5 2. c3 Nc6 3. d4 cxd4 4. cxd4 d6 5. Nc3 Bd7 6. Nf3 g6 7. Bc4 e6 8. O-O
Bg7 9. Bg5 f6 10. Bf4 Bf8 11. Re1 Na5 12. Bd3 e5 13. dxe5 dxe5 14. Nxe5 fxe5 15.
Bxe5 Nf6 16. Bxf6 Qxf6 17. Nd5 Qd6 18. Rc1 Nc6 19. Qf3 Bg7 20. b3 O-O-O 21. b4
Kb8 22. Red1 Rhf8 23. Qe2 Nd4 24. Qe3 Be5 25. Qh6 Rf7 26. Bc4 Rdf8 27. f3 b5 28.
Bf1 Bc6 29. Ne3 Bf4 {White resigns} 0-1

[Event "Team 45 45 League T66"]
[Site "Internet Chess Club"]
[Date "2015.09.05"]
[Round "1"]
[White "kingsrook"]
[Black "SeniorCitizen"]
[Result "1/2-1/2"]
[WhiteElo "1323"]
[BlackElo "1382"]
[Opening "QGD: exchange variation"]
[ECO "D35"]
[Time "14:00:47"]
[TimeControl "2700+45"]

1. d4 d5 2. c4 e6 3. Nc3 Nf6 4. cxd5 Nxd5 5. e4 Nxc3 6. bxc3 Be7 7. Rb1 O-O 8.
Nf3 c6 9. Bc4 Nd7 10. O-O Nf6 11. Qe2 b5 12. Bb3 a6 13. Rd1 Bb7 14. h3 Qc7 15.
e5 Nd5 16. Qd3 b4 17. Bxd5 cxd5 18. cxb4 Rac8 19. Bd2 Qc2 20. Qa3 Qc4 21. Rdc1
Qb5 22. Qa5 Qxa5 23. bxa5 Rxc1+ 24. Rxc1 Rb8 25. Rb1 Bd8 26. Ne1 Bc7 27. Nd3 Kf8
28. Nc5 Bc8 29. Rxb8 Bxb8 30. Kf1 Ba7 31. Ke2 Bxc5 32. dxc5 Ke8 33. Kd3 Kd7 34.
Kd4 Kc6 35. f4 {Game drawn by mutual agreement} 1/2-1/2

[Event "Team 45 45 League T66"]
[Site "Internet Chess Club"]
[Date "2015.09.04"]
[Round "1"]
[White "Hal2001"]
[Black "kutch"]
[Result "1/2-1/2"]
[WhiteElo "1575"]
[BlackElo "1550"]
[Opening "Giuoco Piano"]
[ECO "C44"]
[Time "21:02:59"]
[TimeControl "2700+45"]

1. e4 e5 2. Nf3 Nc6 3. d4 exd4 4. Bc4 Bc5 5. c3 Nf6 6. cxd4 Bb4+ 7. Bd2 Nxe4 8.
Bxb4 Nxb4 9. Bxf7+ Kxf7 10. Qb3+ d5 11. Qxb4 Re8 12. O-O Qd6 13. Qb3 c5 14. dxc5
Nxc5 15. Qc2 Kg8 16. Nc3 b6 17. Nb5 Qf4 18. Nbd4 Bb7 19. Rfe1 Re4 20. b4 Rxe1+
21. Rxe1 Ne4 22. Qb2 Rc8 23. Ne6 Qf6 24. Ned4 Rc4 25. Rd1 Nc3 26. Re1 Ne4 27.
Rd1 Nc3 28. Re1 {Game drawn by mutual agreement} 1/2-1/2

[Event "Team 45 45 League T66"]
[Site "Internet Chess Club"]
[Date "2015.09.09"]
[Round "1"]
[White "PostMike"]
[Black "seattleblues"]
[Result "1/2-1/2"]
[WhiteElo "1495"]
[BlackElo "1452"]
[Opening "Sicilian: Sozin, Leonhardt variation"]
[ECO "B88"]
[Time "08:00:39"]
[TimeControl "2700+45"]

1. e4 c5 2. Nf3 Nc6 3. d4 cxd4 4. Nxd4 Nf6 5. Nc3 d6 6. Bc4 e6 7. a3 Be7 8. O-O
O-O 9. f3 Bd7 10. Be3 Rc8 11. Bb3 Na5 12. Ba2 Nc4 13. Bxc4 Rxc4 14. Ndb5 Bxb5
15. Nxb5 a6 16. b3 Rc8 {Game drawn by mutual agreement} 1/2-1/2

[Event "Team 45 45 League T66"]
[Site "Internet Chess Club"]
[Date "2015.09.03"]
[Round "1"]
[White "Conjurer"]
[Black "jpokerflat"]
[Result "0-1"]
[WhiteElo "1235"]
[BlackElo "1337"]
[Opening "Queen's bishop game"]
[ECO "D02"]
[Time "13:04:07"]
[TimeControl "2700+45"]

1. d4 d5 2. Nf3 Nf6 3. Bf4 e6 4. c4 Bd6 5. e3 Bxf4 6. exf4 O-O 7. Nc3 Nc6 8. a3
Ne7 9. Bd3 b6 10. O-O dxc4 11. Bxc4 Bb7 12. Qd3 Bxf3 13. Qxf3 Qxd4 14. Bd3 Nfd5
15. Rfd1 Qxf4 16. Be4 Qxf3 17. Bxf3 c6 18. Rd4 Nxc3 19. bxc3 Rad8 20. Rad1 Rxd4
21. Rxd4 Nd5 22. c4 c5 23. Rh4 Nf6 24. g3 Rd8 25. Be2 Rd2 26. Kf1 Ra2 {White
resigns} 0-1

[Event "Team 45 45 League T66"]
[Site "Internet Chess Club"]
[Date "2015.09.03"]
[Round "1"]
[White "medsurg"]
[Black "Fogbound"]
[Result "1-0"]
[WhiteElo "1428"]
[BlackElo "1267"]
[Opening "QGD: Albin counter-gambit"]
[ECO "D08"]
[Time "14:00:55"]
[TimeControl "2700+45"]

1. d4 d5 2. c4 e5 3. e3 Bb4+ 4. Bd2 Nc6 5. Bxb4 Nxb4 6. Qa4+ Nc6 7. Nf3 exd4 8.
cxd5 Qxd5 9. Bc4 Qa5+ 10. Qxa5 Nxa5 11. Bd3 Ne7 12. Nxd4 O-O 13. Nc3 c6 14. b4
c5 15. bxc5 a6 16. O-O Nac6 17. Rfd1 Nb4 18. Be4 f5 19. Bf3 Rd8 20. Rab1 Nbd5
21. Nxd5 Rxd5 22. Bxd5+ Nxd5 23. c6 Nc3 24. cxb7 Bxb7 25. Rxb7 Nxd1 26. Nxf5 Kf8
27. Nxg7 Rc8 28. Ne6+ Ke8 29. h4 Nc3 30. Rc7 Rxc7 31. Nxc7+ Kd7 32. Nxa6 Nxa2
33. g4 Nc3 34. Nb4 Ke6 35. Kg2 Ke5 36. Kf3 Nb5 37. Nd3+ Kf6 38. Kf4 Nc3 39. e4
Ne2+ 40. Kf3 Ng1+ 41. Kg2 Ne2 42. f3 Nd4 43. Kf2 Nc6 44. f4 Nd4 45. Ke3 Nc2+ 46.
Kf2 Nd4 47. h5 Nb5 48. g5+ Kf7 49. Ne5+ Ke6 50. Kg3 Nd6 51. Kf3 Nb5 52. Ng4 Nd4+
53. Ke3 Nf5+ 54. exf5+ Kxf5 55. Kf3 Ke6 56. Ke4 Kf7 57. Ke5 Ke7 58. f5 Kf7 59.
g6+ hxg6 60. hxg6+ Kg7 61. Ke6 Kf8 62. f6 Kg8 63. Nh6+ Kh8 64. g7+ Kh7 65. g8=Q+
Kxh6 66. Kf5 {Black resigns} 1-0

[Event "Team 45 45 League T66"]
[Site "Internet Chess Club"]
[Date "2015.09.07"]
[Round "1"]
[White "NAS"]
[Black "JefferyChess"]
[Result "0-1"]
[WhiteElo "1764"]
[BlackElo "1794"]
[Opening "Scotch game"]
[ECO "C45"]
[Time "22:02:06"]
[TimeControl "2700+45"]

1. e4 e5 2. Nf3 Nc6 3. d4 exd4 4. Nxd4 Bc5 5. Nxc6 Qf6 6. Qd2 dxc6 7. Nc3 Ne7 8.
Bd3 O-O 9. O-O Ng6 10. Na4 Bd6 11. f4 Qd4+ {White resigns} 0-1

[Event "Team 45 45 League T66"]
[Site "Internet Chess Club"]
[Date "2015.09.03"]
[Round "1"]
[White "Constrictor"]
[Black "unclevinny"]
[Result "1/2-1/2"]
[WhiteElo "1601"]
[BlackElo "1578"]
[Opening "KGA: Kieseritsky, long whip (Stockwhip, classical) defense"]
[ECO "C39"]
[Time "17:02:51"]
[TimeControl "2700+45"]

1. e4 e5 2. f4 exf4 3. Nf3 g5 4. h4 g4 5. Ne5 h5 6. Bc4 Nh6 7. d4 d6 8. Nd3 Bg7
9. Nxf4 Qe7 10. O-O Qxh4 11. Bxf7+ Kxf7 12. Nh3+ Ke8 13. Bg5 Qg3 14. Bf4 Qh4 15.
Bg5 {Game drawn by mutual agreement} 1/2-1/2

[Event "Team 45 45 League T66"]
[Site "Internet Chess Club"]
[Date "2015.09.07"]
[Round "1"]
[White "burnsy"]
[Black "elessar"]
[Result "1/2-1/2"]
[WhiteElo "1589"]
[BlackElo "1604"]
[Opening "QGD Slav: Steiner variation"]
[ECO "D16"]
[Time "18:00:13"]
[TimeControl "2700+45"]

1. Nf3 d5 2. d4 Nf6 3. c4 c6 4. Nc3 dxc4 5. a4 Bg4 6. e3 e6 7. Bxc4 Bb4 8. Bd2
O-O 9. O-O c5 10. dxc5 Bxf3 11. gxf3 Bxc5 12. Ne2 Nc6 13. Kh1 Ne5 14. b3 Nxf3
15. Nd4 Bxd4 16. exd4 Nxd4 17. Bc3 Nc6 18. Qf3 Nd4 19. Qf4 Nf5 20. Rg1 Nh5 21.
Qg4 Qh4 22. Qg2 Rfc8 23. Be5 Rxc4 24. bxc4 Qxc4 25. Qxb7 Rc8 26. Rad1 f6 27. Ba1
Rc7 28. Rd8+ Kf7 29. Qb8 Qe4+ 30. Rg2 Qe1+ 31. Rg1 Qe4+ {Game drawn by mutual
agreement} 1/2-1/2

[Event "Team 45 45 League T66"]
[Site "Internet Chess Club"]
[Date "2015.09.05"]
[Round "1"]
[White "Hal2001"]
[Black "scostanzo212"]
[Result "1-0"]
[WhiteElo "1586"]
[BlackElo "1446"]
[Opening "Sicilian: closed"]
[ECO "B23"]
[Time "08:01:52"]
[TimeControl "2700+45"]

1. e4 c5 2. Nc3 d6 3. f4 g6 4. Nf3 Nc6 5. Bb5 Bd7 6. O-O Bg7 7. d3 Nd4 8. Bxd7+
Qxd7 9. Nxd4 Bxd4+ 10. Kh1 e6 11. Qe1 Ne7 12. Ne2 Bg7 13. f5 exf5 14. exf5 Nxf5
15. Nc3+ Qe6 16. Qf2 O-O 17. Re1 Qd7 18. Bf4 Rfe8 19. Rf1 Re6 20. Rab1 Rae8 21.
Ne4 b6 22. g4 Nd4 23. Bxd6 f5 24. gxf5 Nxf5 25. Bf4 c4 26. Rfd1 Qc6 27. Qg2 cxd3
28. cxd3 Qd7 29. Rbc1 Qd4 30. Rd2 Rd8 31. Rc4 Qd7 32. Rc7 Qb5 33. Qe2 Nd4 34.
Qf1 a6 35. Nd6 Qd5+ 36. Ne4 Rf8 37. Rf2 Qxa2 38. Qc1 Qd5 39. Rc8 Ree8 40. Rxe8
Rxe8 41. Kg1 Nf5 42. Qd2 Bd4 43. Kf1 Qc6 44. Re2 Rc8 45. Bg5 Qc1+ 46. Qxc1 Rxc1+
47. Bxc1 Kf7 48. b3 a5 49. Bb2 Bc5 50. Nxc5 bxc5 51. Re5 {Black resigns} 1-0

[Event "Team 45 45 League T66"]
[Site "Internet Chess Club"]
[Date "2015.09.05"]
[Round "1"]
[White "andrewliang"]
[Black "komodeo"]
[Result "0-1"]
[WhiteElo "1632"]
[BlackElo "1653"]
[Opening "Sicilian defense"]
[ECO "B44"]
[Time "10:32:25"]
[TimeControl "2700+45"]

1. e4 c5 2. Nf3 e6 3. d4 cxd4 4. Nxd4 Nc6 5. Be3 Qc7 6. Be2 Nf6 7. Nd2 a6 8. O-O
Be7 9. f3 b5 10. N2b3 Bd6 11. h3 Nh5 12. Bf2 Bh2+ 13. Kh1 Ng3+ 14. Bxg3 Bxg3 15.
Qd3 Nxd4 16. Nxd4 Bb7 17. f4 Bxf4 18. Qf3 e5 19. g3 exd4 20. Qxf4 Qxf4 21. Rxf4
Rc8 22. Bd3 O-O 23. Kg1 d6 24. h4 h6 25. g4 Rfe8 26. Re1 Re5 27. Rf5 Rce8 28.
Ref1 R8e7 29. Rxe5 dxe5 30. Rc1 Rd7 31. b4 Rc7 32. Ra1 Bc8 33. g5 hxg5 34. hxg5
Be6 35. a4 Bc4 36. Bxc4 Rxc4 37. axb5 axb5 38. Ra5 Rxb4 39. Ra8+ Kh7 40. Re8 f6
41. gxf6 gxf6 42. Rc8 Rc4 {White resigns} 0-1

[Event "Team 45 45 League T66"]
[Site "Internet Chess Club"]
[Date "2015.09.04"]
[Round "1"]
[White "alexkolay"]
[Black "qingjoshua"]
[Result "1-0"]
[WhiteElo "1939"]
[BlackElo "1672"]
[Opening "Grünfeld: exchange variation"]
[ECO "D85"]
[Time "22:00:27"]
[TimeControl "2700+45"]

1. d4 Nf6 2. c4 g6 3. Nc3 d5 4. cxd5 Nxd5 5. Bd2 Bg7 6. e4 Nxc3 7. Bxc3 O-O 8.
Bc4 c5 9. d5 Bxc3+ 10. bxc3 Nd7 11. Nf3 Nb6 12. Qd3 Nxc4 13. Qxc4 b6 14. h4 Qc7
15. h5 Qf4 16. hxg6 hxg6 17. Rh4 Qc7 18. e5 Kg7 19. Qf4 Rh8 20. Rxh8 Kxh8 21.
Qh6+ Kg8 22. O-O-O f5 23. Qxg6+ Kf8 24. Rh1 e6 25. Rh8+ Ke7 26. Qe8# {Black
checkmated} 1-0

[Event "Team 45 45 League T66"]
[Site "Internet Chess Club"]
[Date "2015.09.02"]
[Round "1"]
[White "XGG123"]
[Black "Littlemon"]
[Result "0-1"]
[WhiteElo "1344"]
[BlackElo "1560"]
[Opening "Ruy Lopez: Berlin defense, Beverwijk variation"]
[ECO "C64"]
[Time "19:36:19"]
[TimeControl "2700+45"]

1. e4 e5 2. Nf3 Nc6 3. Bb5 Bc5 4. O-O Nf6 5. c3 Bb6 6. d4 exd4 7. cxd4 O-O 8.
Nc3 a6 9. Ba4 d5 10. exd5 Nxd5 11. Bb3 Nce7 12. Bg5 c6 13. Bxd5 cxd5 14. Bxe7
Qxe7 15. Nxd5 Qd6 16. Nxb6 Qxb6 17. Qc2 Bg4 18. Ng5 g6 19. h3 Bf5 20. Qd2 Rad8
21. Nf3 Be4 22. Rad1 Bxf3 23. gxf3 Qe6 24. Qh6 Qxa2 25. f4 Qd5 26. h4 Rd7 27.
Rd3 Rfd8 28. Rg3 Qxd4 29. f5 Qg7 30. Qf4 Qf6 31. h5 Kh8 32. Qh6 Qxf5 33. hxg6
fxg6 34. Kg2 Qe5 35. Rxg6 Qe4+ {White resigns} 0-1

[Event "Team 45 45 League T66"]
[Site "Internet Chess Club"]
[Date "2015.09.07"]
[Round "1"]
[White "Percival"]
[Black "searchforbobby1"]
[Result "0-1"]
[WhiteElo "2019"]
[BlackElo "2113"]
[Opening "Dutch defense"]
[ECO "A90"]
[Time "16:38:25"]
[TimeControl "2700+45"]

1. d4 e6 2. c4 f5 3. g3 Nf6 4. Bg2 c6 5. Nf3 d5 6. O-O Bd6 7. b3 Qe7 8. Ne5 O-O
9. Bb2 b6 10. cxd5 exd5 11. Nd2 Bb7 12. Ndf3 a5 13. Rc1 Ne4 14. e3 Rc8 15. Re1
Na6 16. Nh4 Bxe5 17. dxe5 Rf8 18. Nf3 c5 19. a3 Nc7 20. Nd2 Ne6 21. f3 N4g5 22.
f4 Ne4 23. Nxe4 dxe4 24. Qd6 Qxd6 25. exd6 Rfd8 26. Red1 Rd7 27. Bf1 Ba6 28. Bc4
Kf7 29. a4 Bxc4 30. bxc4 Nd8 31. Rd5 g6 32. Be5 Nc6 33. Rb1 Rb8 34. Rb5 Ke6 35.
h3 Rbb7 36. Bc3 Nb4 37. Bxb4 axb4 38. Kf2 Rxd6 39. Rdxc5 bxc5 40. Rxb7 Ra6 41.
Rc7 Kd6 42. Rxh7 Rxa4 43. Rg7 b3 44. Rxg6+ Ke7 45. Rg7+ Kf8 46. Rd7 b2 47. Rd1
Ra1 {White resigns} 0-1

[Event "Team 45 45 League T66"]
[Site "Internet Chess Club"]
[Date "2015.09.06"]
[Round "1"]
[White "Monterrey"]
[Black "HematiteBrown"]
[Result "0-1"]
[WhiteElo "1976"]
[BlackElo "2104"]
[Opening "Trompowsky attack (Ruth, Opocenský opening)"]
[ECO "A45"]
[Time "20:03:05"]
[TimeControl "2700+45"]

1. d4 Nf6 2. Bg5 c5 3. d5 e6 4. e4 exd5 5. exd5 d6 6. Nf3 Be7 7. Be2 O-O 8. O-O
Re8 9. Nc3 h6 10. Bf4 Bf5 11. Bd3 Qc8 12. Re1 Na6 13. Bb5 Bd7 14. Qd2 Nc7 15.
Bxd7 Qxd7 16. a4 b6 17. h3 a6 18. Rab1 Qf5 19. Rbd1 b5 20. axb5 axb5 21. Rxe7
Rxe7 22. Bxd6 Rd7 23. Bxc7 Rxc7 24. Nxb5 Rd7 25. c4 Ra4 26. b3 Rb4 27. Qe3 Qc2
28. Rc1 Qb2 29. Rc3 Rd8 30. Kh2 Rxb5 31. cxb5 Nxd5 32. Rd3 Nxe3 33. Rxd8+ Kh7
34. fxe3 Qxb3 35. Rd2 Qxb5 36. Kg3 Qf1 37. Rc2 Qd1 38. Rd2 Qc1 39. Kf2 c4 40.
Re2 f6 41. Nd4 Qc3 42. Rc2 Qd3 43. Ra2 c3 44. Rc2 h5 45. Re2 h4 46. Rc2 Kg6 47.
Kf3 f5 48. Ra2 Kh5 49. Kf2 g5 50. Ne2 c2 51. Ra5 Qxe2+ 52. Kxe2 c1=Q 53. Rd5
Qc4+ 54. Rd3 Qe4 {White resigns} 0-1

[Event "Team 45 45 League T66"]
[Site "Internet Chess Club"]
[Date "2015.09.03"]
[Round "1"]
[White "fishhead"]
[Black "charles-allen"]
[Result "0-1"]
[WhiteElo "1799"]
[BlackElo "1831"]
[Opening "Petrov: Cochrane gambit"]
[ECO "C42"]
[Time "20:00:27"]
[TimeControl "2700+45"]

1. e4 e5 2. Nf3 Nf6 3. Nxe5 d6 4. Nxf7 Kxf7 5. Bc4+ d5 6. exd5 Bd6 7. O-O Rf8 8.
d4 Kg8 9. f3 Kh8 10. a4 c6 11. dxc6 Nxc6 12. Nc3 Nxd4 13. Bg5 Bxh2+ 14. Kh1 Bb8
15. f4 Qd6 16. Qd2 Nf5 17. Rfd1 h6 18. Qf2 Qc6 19. Bxf6 Qxc4 20. Be5 Bxe5 21.
fxe5 Be6 22. Rd3 a6 23. b3 Qc6 24. Rf3 Kg8 25. Rf1 Rac8 26. Kh2 Qc7 27. g4 Qxe5+
28. Kg1 Rxc3 29. Rf4 Rg3+ 30. Kh2 Rxg4 {White resigns} 0-1

[Event "Team 45 45 League T66"]
[Site "Internet Chess Club"]
[Date "2015.09.02"]
[Round "1"]
[White "ShootStraight"]
[Black "lingicer2003"]
[Result "0-1"]
[WhiteElo "1945"]
[BlackElo "1936"]
[Opening "Bogo-Indian defense, Grünfeld variation"]
[ECO "E11"]
[Time "19:00:09"]
[TimeControl "2700+45"]

1. d4 Nf6 2. c4 e6 3. Nf3 Bb4+ 4. Nbd2 O-O 5. a3 Bxd2+ 6. Bxd2 d6 7. Qc2 Qe7 8.
e4 e5 9. d5 a5 10. b3 Na6 11. Bd3 Bg4 12. Bxa5 Nc5 13. Bc3 Nh5 14. Bd2 f5 15. h3
Bxf3 16. gxf3 Nxd3+ 17. Qxd3 fxe4 18. fxe4 Qh4 19. Be3 Rf3 20. Kd2 Nf6 21. Ke2
Rxh3 22. Rxh3 Qxh3 23. Bd2 Qg4+ 24. f3 Qg2+ 25. Kd1 Qh1+ 26. Be1 Nh5 27. Ra2 Nf4
28. Qc3 Ng2 29. Ke2 Rf8 30. Bg3 Nf4+ 31. Ke3 Nxd5+ {White resigns} 0-1

[Event "Team 45 45 League T66"]
[Site "Internet Chess Club"]
[Date "2015.09.06"]
[Round "1"]
[White "LittleButton"]
[Black "MikeTtheGuru"]
[Result "1/2-1/2"]
[WhiteElo "1879"]
[BlackElo "2005"]
[Opening "King's Indian: Torre attack"]
[ECO "A48"]
[Time "15:34:49"]
[TimeControl "2700+45"]

1. d4 Nf6 2. Nf3 g6 3. Bg5 Bg7 4. Nbd2 O-O 5. e3 d6 6. Be2 Nbd7 7. O-O e5 8. c3
Qe7 9. e4 h6 10. Bh4 exd4 11. cxd4 c5 12. Re1 g5 13. Bg3 Nh5 14. Nf1 Re8 15. Rb1
Nf8 16. dxc5 Nxg3 17. Nxg3 dxc5 18. Qc2 Be6 19. Bc4 Ng6 20. Nf5 Bxf5 21. exf5
Ne5 22. Nxe5 Bxe5 23. Qb3 b6 24. Rxe5 Qxe5 25. Bxf7+ Kg7 26. Bxe8 Rxe8 27. Qd3
Kf6 28. g4 h5 29. h3 Qd4 30. Qxd4+ cxd4 31. Rd1 hxg4 32. hxg4 Re4 33. f3 Re2 34.
Rxd4 Rxb2 35. a4 Ke5 36. Re4+ Kf6 37. f4 gxf4 38. Rxf4 Kg5 39. Rc4 Ra2 40. Rd4
{Game drawn by mutual agreement} 1/2-1/2

[Event "Team 45 45 League T66"]
[Site "Internet Chess Club"]
[Date "2015.09.03"]
[Round "1"]
[White "misuc56"]
[Black "diegoami"]
[Result "0-1"]
[WhiteElo "1783"]
[BlackElo "1777"]
[Opening "Dutch defense, Rubinstein variation"]
[ECO "A40"]
[Time "16:00:15"]
[TimeControl "2700+45"]

1. d4 e6 2. c4 f5 3. Nc3 Nf6 4. e3 b6 5. Nf3 Bb7 6. Be2 Be7 7. h3 d6 8. Bd2 a5
9. a3 Ne4 10. Nxe4 fxe4 11. Nh2 O-O 12. O-O Nd7 13. b4 a4 14. Rc1 Nf6 15. Ng4
Qd7 16. Nxf6+ Bxf6 17. Bc3 Qe7 18. d5 Bxc3 19. Rxc3 Qf6 20. Rc2 Bc8 21. f4 Bd7
22. c5 bxc5 23. bxc5 e5 24. cxd6 Qxd6 25. fxe5 Qxe5 26. Rxf8+ Rxf8 27. Qc1 Qg5
28. Bg4 Bxg4 29. hxg4 Qxg4 30. Rxc7 Qg3 31. Rc2 Qd6 32. Rd2 Qb6 33. Rf2 Rd8 34.
Rf5 Qd6 35. Qc3 Rb8 36. Rf1 Qxd5 37. Qc7 Rd8 38. Qc2 Qd3 39. Qf2 Qd5 40. Qf4 Rc8
41. g4 Qe6 42. Rf2 Qe7 43. Kg2 Rf8 44. Qxf8+ Qxf8 45. Rxf8+ Kxf8 46. Kg3 g5 47.
Kf2 Kf7 48. Ke2 Kg6 49. Kf2 h5 50. gxh5+ Kxh5 51. Kg3 g4 52. Kg2 Kh4 53. Kh2 g3+
54. Kg2 Kg4 55. Kg1 Kf3 56. Kf1 Kxe3 57. Kg2 Kd2 58. Kxg3 e3 59. Kf4 e2 60. Ke4
e1=Q+ 61. Kd4 Kc2 {White resigns} 0-1

[Event "Team 45 45 League T66"]
[Site "Internet Chess Club"]
[Date "2015.09.07"]
[Round "1"]
[White "chessabc"]
[Black "tornado100"]
[Result "1-0"]
[WhiteElo "1842"]
[BlackElo "1690"]
[Opening "Trompowsky attack (Ruth, Opocenský opening)"]
[ECO "A45"]
[Time "19:37:21"]
[TimeControl "2700+45"]

1. d4 Nf6 2. Bg5 Ne4 3. Bh4 g5 4. f3 gxh4 5. fxe4 b6 6. e3 Bb7 7. Bd3 Bh6 8. Kf2
Rg8 9. Qh5 Bf8 10. Qxh7 Rg7 11. Qxh4 f5 12. Nf3 e6 13. Qxd8+ Kxd8 14. exf5 exf5
15. Bxf5 Rf7 16. Bd3 Bh6 17. Nd2 Nc6 18. c3 Ke7 19. Ke2 Rg7 20. Rhg1 Re8 21. Nh4
Kd8 22. Nf5 Rg6 23. Nxh6 Rxh6 24. h3 Rhe6 25. Nf1 Rh6 26. Nh2 Ne7 27. Ng4 Re6
28. Raf1 Nd5 29. Rf3 Ne7 30. Rf6 Rxf6 31. Nxf6 Rf8 32. Ng4 Nd5 33. g3 Rh8 34. h4
Rg8 35. Nf2 Re8 36. e4 Nf6 37. Ke3 Nd5+ 38. Kd2 Nf6 39. e5 Nh5 40. Bg6 Rh8 41.
Bxh5 Rxh5 42. Ke3 Rf5 43. Ne4 Bxe4 44. Kxe4 Rf2 45. g4 Rxb2 46. g5 Rh2 47. Rg4
Rf2 48. g6 Rf8 49. g7 Rg8 50. Kf5 Ke7 51. Kg6 d6 52. exd6+ cxd6 53. Kh7 Kf7 54.
Rf4+ {Black resigns} 1-0